 Dungeon Crawl Stone Soup version 0.18.1-50-g88ac8fd (webtiles) character file.

444392 varam the Ninja (level 22, 0/134 HPs)
             Began as a Spriggan Enchanter on Oct 18, 2016.
             Was an Initiate of Gozag.
             Succumbed to a golden dragon's poison gas
             ... on level 5 of the Vaults on Oct 19, 2016.
             The game lasted 05:25:29 (74553 turns).

varam the Ninja (Spriggan Enchanter)               Turns: 74553, Time: 05:25:30

Health: 0/134      AC: 11    Str: 10    XL:     22   Next: 77%
Magic:  30/45      EV: 36    Int: 28    God:    Gozag
Gold:   5888       SH: 19    Dex: 22    Spells: 8 memorised, 4 levels left

rFire  . . .     SeeInvis +     r - +6 quick blade (drain)
rCold  . . .     Gourm    .     O - +1 robe of Broken Taboos {*Contam rN+ MP+9}
rNeg   + + .     Faith    .     P - +3 buckler {AC+3}
rPois  .         Spirit   .     A - +2 hat {Int+3}
rElec  .         Dismiss  .     w - +1 cloak "Tutidenn" {rN+ Dex+5}
rCorr  .         Reflect  +     (gloves unavailable)
SustAt .         Harm     .     (boots unavailable)
MR     ++++.     Rnd*Rage +     K - brooch of Shielding {Reflect SH+8}
Stlth  ++++++++++               y - +4 ring of slaying
                                f - ring of the Orange Skies {MR+ Str+7}

@: lethally poisoned (0 -> -19), very quick, incredibly resistant to hostile
enchantments, uncannily stealthy
A: unfitting armour, rugged brown scales 1, see invisible, berserk 1, herbivore
3, speed 3, slow metabolism 2, weak 1, subdued magic 1
a: Potion Petition, Call Merchant, Bribe Branch, Renounce Religion
}: 3/15 runes: serpentine, barnacled, silver


You were on level 5 of the Vaults.
You worshipped Gozag.
Gozag was noncommittal.
You were not hungry.

You visited 9 branches of the dungeon, and saw 44 of its levels.
You also visited: Labyrinth, Bailey and Ice Cave.

You collected 27601 gold pieces.
You spent 4348 gold pieces at shops.
You paid 17365 gold pieces to Gozag.

Inventory:

Hand Weapons
 g - the +4 arc blade {discharge, rElec}
   (You bought it in a shop on level 8 of the Dungeon)

   It insulates you from electricity.
 r - a +6 quick blade of draining (weapon)
 N - the +9 blowgun of Cheibriados's Wrath {evade, *Corrode rElec rN+++ Int+2}
   (You bought it in a shop on level 8 of the Dungeon)

   It affects your evasion (+5 to EV).
   It affects your intelligence (+2).
   It insulates you from electricity.
   It renders you almost immune to negative energy.
   It may corrode you when you take damage.
Missiles
 t - 47 stones (quivered)
Armour
 w - the +1 cloak "Tutidenn" (worn) {rN+ Dex+5}
   (You found it on level 2 of the Vaults)

   It affects your dexterity (+5).
   It protects you from negative energy.
 A - a +2 hat of intelligence (worn)
 O - the +1 robe of Broken Taboos (worn) {*Contam rN+ MP+9}
   (You found it on level 2 of the Vaults)

   It protects you from negative energy.
   It affects your magic capacity (+9).
   It causes magical contamination when unequipped.
 P - a +3 buckler of protection (worn)
Rods
 p - a +1 lightning rod (14/14)
   (You found it on level 3 of the Vaults)
Jewellery
 f - the ring of the Orange Skies (left hand) {MR+ Str+7}
   (You found it on level 3 of the Elven Halls)

   [ring of protection from magic]

   It affects your strength (+7).
   It affects your resistance to hostile enchantments.
 i - an uncursed ring of protection from cold
 y - a +4 ring of slaying (right hand)
 K - the brooch of Shielding (around neck) {Reflect SH+8}
   (You took it off an orc on level 7 of the Dungeon)

   [amulet of reflection]

   It shields you and reflects attacks.
   It affects your SH (+8).
 S - an uncursed ring of protection from fire
Wands
 k - a wand of iceblast (1/15)
 l - a wand of disintegration (16/24)
 G - a wand of digging (24/24)
 V - a wand of iceblast (0/15)
 Z - a wand of confusion (20/48)
Scrolls
 a - 4 scrolls of blinking
 j - 18 scrolls of teleportation
 n - 10 scrolls of identify
 u - a scroll of holy word
 F - 8 scrolls of remove curse
 J - 10 scrolls of fog
 Y - 2 scrolls of fear
Potions
 c - a potion of resistance {unknown}
 m - 34 potions of curing
 q - a potion of brilliance
 s - 3 potions of agility
 D - 2 potions of heal wounds
 T - 6 potions of haste
 W - 2 potions of ambrosia
Miscellaneous
 d - a plain deck of defence
 e - a lamp of fire (inert)
 h - a lamp of fire (inert)
 o - a fan of gales (inert)
 z - a plain deck of changes {the Alchemist}
 B - a stone of tremors
 C - a legendary deck of defence {the Banshee, drawn: 1}
 E - a phial of floods
 H - a box of beasts {used: 4}
Comestibles
 x - 6 fruits
 M - 8 bread rations


   Skills:
 + Level 19.2 Fighting
 - Level 14.0 Short Blades
 - Level 18.0 Dodging
 O Level 27 Stealth
 - Level 4.0 Shields
 - Level 9.2 Spellcasting
 - Level 12.7 Hexes
 - Level 11.4 Charms
 - Level 6.0 Translocations
 + Level 13.6 Air Magic
 - Level 7.6 Evocations


You had 4 spell levels left.
You knew the following spells:

 Your Spells              Type           Power        Failure   Level  Hunger
a - Ensorcelled Hibernat  Hex/Ice        #####.       1%          2    None
b - Deflect Missiles      Chrm/Air       ######....   4%          6    #####..
c - Confuse               Hex            ######..     1%          3    None
d - Dazzling Spray        Conj/Hex       #####.       1%          3    None
e - Invisibility          Hex            ######..     3%          6    #####..
f - Passage of Golubria   Tloc           N/A          4%          4    None
g - Silence               Hex/Air        ######....   1%          5    ####...
z - Haste                 Chrm           ######..     8%          6    #####..


Dungeon Overview and Level Annotations

Branches:
Dungeon (15/15)            Temple (0/1) D:5            Lair (8/8) D:8
 Shoals (4/4) Lair:6        Snake (4/4) Lair:6        Slime (1/6) Lair:7
    Orc (2/2) D:11            Elf (3/3) Orc:2        Vaults (5/5) D:14
  Crypt (0/3) Vaults:2     Depths (2/5) D:15

Altars:
Elyvilon
Fedhas
Gozag
Kikubaaqudgha
Makhleb
Nemelex Xobeh
Xom
Yredelemnul

Shops:
D:4 =   D:6 ?   D:8 ?:}?[*:**(*   D:12 (   D:13 !   Orc:1 =   Orc:2 [*[!!
Elf:2 %   Shoals:2 :   Vaults:3 *:::   Vaults:5 (

Portals:
Abyss: Depths:1 Depths:2
Trove: Vaults:3 (give 19 scrolls of identify)

Annotations:
Snake:3 Vashnia
Elf:2 exclusion: Roxanne, Roxanne
Vaults:4 Elystan's ghost, veteran FoFi
Vaults:5 Galewind's ghost, veteran DECj
Depths:1 the Enchantress


Innate Abilities, Weirdness & Mutations

You are tiny and cannot use many weapons and most armour.
You have supernaturally acute eyesight.
You are a herbivore.
You cover ground extremely quickly.
You need consume almost no food.
You are partially covered in rugged brown scales (AC +1, +3% HP).
You tend to lose your temper in combat.
You are weak. (Str -2)
Your spells are a little easier to cast, but a little less powerful.


Message History

Unknown command.
The golden dragon breathes fire at you. The bolt of fire misses you.
You hear a shout!
Things that are here:
a large rock; a flail; a scale mail
Things that are here:
a jewelled shortbow; 2 potions of might The golden dragon breathes poison at you.
The blast of poison misses you.
You are engulfed in poison gas.
You are poisoned.
* * * LOW HITPOINT WARNING * * *
You feel sick.
You are engulfed in poison gas.
You are lethally poisoned!
* * * LOW HITPOINT WARNING * * *
x2 You feel sick.
You die...
Your body crumbles into a pile of gold.

#....................)..((..
#.....................).....
#....#######################
#.....######.........######.
#.D#...§..###.......###.))$.
#.§##.§##..###.....###..##..
#.§##§####.# ##...## #.####.
#§§##.####.## ##.## ##.## #.
#§§##..##..@####§####...##((
#§§###......§##§§.##(......#
#§§#.####...§§§§§§DC....####
#§§#..####...§§###)....####.
#.§#...###..§§#####....###..
#..#....'.....'..##)....'...
#..#...###...)#####...)###..
#..#..####.....###)....####.
#..#.####...[)(.)(......####


There were no monsters in sight!

Vanquished Creatures
  2 liches
  A tentacled monstrosity (Vaults:5)
  A deep elf master archer (Elf:3)
  Gastronok (D:8)
  A titan (Vaults:5)
  4 deep elf blademasters (Elf:3)
  A kraken (Shoals:4)
  The ghost of kengeki the Warrior, an adept GrFi of Makhleb (Depths:1)
  Frances (Shoals:1)
  A shadow dragon (Vaults:5)
  A tengu reaver (Vaults:4)
  The ghost of Chiseanne the Quickloader, an adept CeAE of Gozag (Elf:3)
  A storm dragon (Vaults:5)
  4 sphinxes (Vaults:5)
  Kirke (Lair:6)
  The ghost of inmateoo the Severer, an adept TeWr of the Shining One (Snake:1)
  Ilsuiw (Shoals:4)
  A fire giant (Vaults:5)
  Maud (D:12)
  3 frost giants
  11 greater nagas
  5 deep elf sorcerers
  The ghost of Galewind the Eclecticist, an adept DECj of Vehumet (Elf:1)
  An orc warlord (Vaults:2)
  Aizul (Shoals:1)
  Louise (Depths:2)
  5 deep elf elementalists
  10 ironheart preservers
  A spriggan defender (Depths:1)
  6 very ugly things
  6 vault wardens
  8 stone giants
  A salamander stormcaller (Vaults:5)
  Azrael (D:15)
  3 deep elf demonologists
  5 deep elf annihilators
  Snorg (Orc:2)
  2 merfolk javelineers (Shoals:4)
  The ghost of varam the Imperceptible, a journeyman SpEn of Gozag (D:11)
  An ettin (Vaults:5)
  A fire dragon (Vaults:3)
  4 deep elf death magi
  A minotaur (Lab)
  Josephine (D:13)
  Erolcha (D:9)
  7 merfolk impalers
  12 vault guards
  A crystal guardian (Vaults:5)
  18 naga warriors
  2 ice dragons (Vaults:3)
  11 yaktaur captains
  3 rakshasas
  2 great orbs of eyes
  11 hydras
  5 merfolk avatars
  11 ogre magi
  A catoblepas (D:13)
  13 centaur warriors
  A spriggan air mage (Depths:1)
  2 satyrs
  3 alligator snapping turtles
  2 death knights
  12 anacondas
  A merfolk aquamancer (Shoals:4)
  A deep troll earth mage (Vaults:2)
  11 death yaks
  2 tengu warriors (D:13)
  10 naga sharpshooters
  6 orc high priests
  Urug (D:13)
  The ghost of lorenzova the Eclecticist, a journeyman DECj of Sif Muna (D:11)
  Sonja (Lair:4)
  37 deep elf knights
  8 shock serpents
  3 skeletal warriors (D:13)
  A shadow wraith (Vaults:2)
  The ghost of lorenzova the Ducker, a novice MfSk (D:6)
  14 sea snakes
  3 unseen horrors
  22 ironbrand convokers
  8 naga ritualists
  10 deep trolls
  An unseen horror (shapeshifter) (D:14)
  22 hill giants
  2 wizards
  19 harpies
  24 deep elf archers
  21 orc knights
  2 phantasmal warriors (Vaults:5)
  A wolf spider zombie (D:15)
  An anubis guard (shapeshifter) (Vaults:5)
  A shadow dragon zombie (Vaults:5)
  12 mana vipers
  A lindwurm (shapeshifter) (Vaults:2)
  20 griffons
  6 wolf spiders
  22 manticores
  72 deep elf magi
  3 orc sorcerers
  6 ugly things
  A mana viper (shapeshifter) (D:15)
  A hornet (Vaults:2)
  A fire giant zombie (Vaults:5)
  11 cyclopes
  7 fauns
  5 guardian serpents
  16 salamanders
  6 elephants
  A black mamba (shapeshifter) (Elf:3)
  16 vault sentinels
  32 naga magi
  14 sirens
  4 orange demons (Elf:3)
  36 black mambas
  A storm dragon simulacrum (Vaults:2)
  6 water nymphs
  8 spiny frogs
  2 gargoyles
  A torpor snail (shapeshifter) (Vaults:4)
  A spiny frog (shapeshifter) (Vaults:2)
  3 efreet
  2 komodo dragons (shapeshifter)
  12 komodo dragons
  4 rime drakes
  6 freezing wraiths
  3 kobold demonologists
  45 yaktaurs
  24 polar bears
  7 trolls
  A jumping spider (shapeshifter) (D:15)
  2 minotaur zombies (Lab)
  A polar bear (shapeshifter) (Vaults:2)
  A spriggan druid (Lair:8)
  A two-headed ogre (shapeshifter) (Elf:2)
  25 slime creatures
  4 wind drakes
  A wolf spider simulacrum (D:15)
  A wind drake (shapeshifter) (Vaults:5)
  15 blink frogs
  A minotaur skeleton (Lab)
  45 merfolk
  21 two-headed ogres
  5 boulder beetles
  A boulder beetle (shapeshifter) (Vaults:1)
  11 snapping turtles
  3 air elementals
  3 redbacks
  15 spriggans
  3 wyverns
  7 wraiths
  5 shadows
  13 water elementals
  6 basilisks
  A human (shapeshifter) (D:14)
  Eustachio (D:6)
  5 fire elementals
  18 hippogriffs
  11 hungry ghosts
  5 hogs (Lair:6)
  35 yaks
  8 vampire mosquitoes
  12 wargs
  5 mottled dragons
  62 nagas
  A soldier ant (D:15)
  15 water moccasins
  9 porcupines
  A giant eyeball (shapeshifter) (Vaults:2)
  A hell hound (D:15)
  A deep troll skeleton (Vaults:5)
  65 orc warriors
  3 ice beasts
  8 black bears
  6 wasps
  7 sky beasts
  A phantom (D:12)
  12 boggarts
  A necrophage (D:11)
  64 wolves
  A boggart (shapeshifter) (Vaults:5)
  34 centaurs
  54 ogres
  18 crocodiles
  2 big kobolds
  14 giant frogs
  A wyvern zombie (D:13)
  A wyvern skeleton (D:11)
  12 scorpions
  2 human simulacra
  2 spriggan skeletons (D:9)
  4 electric eels
  6 howler monkeys
  A troll skeleton (D:9)
  3 crimson imps
  3 giant frog zombies
  8 hounds
  A quasit (D:11)
  4 centaur zombies
  34 orc priests
  5 centaur skeletons
  8 jellies
  3 giant frog skeletons
  Natasha (twice) (D:4)
  5 iguanas
  24 orc wizards
  8 worker ants
  17 sheep
  2 hound skeletons
  Robin (D:4)
  7 gnolls
  A howler monkey skeleton (D:6)
  19 adders
  33 river rats
  6 shadow imps
  4 oozes
  An adder zombie (D:9)
  An adder skeleton (D:6)
  A worm (D:2)
  3 dart slugs
  7 giant geckos
  124 orcs
  5 ball pythons
  8 bats
  2 giant cockroaches
  18 goblins
  12 hobgoblins
  20 jackals
  13 kobolds
  4 quokkas
  A ball python skeleton (D:5)
  6 giant newts
  A quokka skeleton (D:4)
  8 rats
  A fire vortex (Depths:1)
  A fungus (Lair:8)
  18 plants (D:8)
2032 creatures vanquished.

Vanquished Creatures (collateral kills)
  A merfolk impaler (Shoals:1)
  A merfolk avatar (Shoals:1)
  A faun (Shoals:1)
  A siren (Shoals:1)
  A merfolk (Shoals:1)
  A snapping turtle (Shoals:1)
6 creatures vanquished.

Vanquished Creatures (others)
  A deep elf master archer (Elf:3)
  A vault guard (Vaults:5)
  A yaktaur captain (Vaults:2)
  A merfolk aquamancer (Shoals:2)
  27 dancing weapons
  A deep elf knight (Elf:2)
  4 deep elf archers
  An orc knight (Vaults:2)
  A deep elf mage (Vaults:1)
  A cyclops (Orc:1)
  2 yaktaurs (Vaults:2)
  5 polar bears (IceCv)
  A warg (Vaults:2)
  A naga (Snake:4)
  2 ogres
  4 orcs
  7 bushes (Lair:8)
  3 fulminant prisms (D:11)
  35 fungi
  22 plants
  8 tentacles (Shoals:4)
129 creatures vanquished.

Grand Total: 2167 creatures vanquished

Notes
Turn   | Place    | Note
--------------------------------------------------------------
     0 | D:1      | varam the Spriggan Enchanter began the quest for the Orb.
     0 | D:1      | Reached XP level 1. HP: 9/9 MP: 5/5
   382 | D:1      | Reached XP level 2. HP: 13/13 MP: 6/6
   389 | D:1      | Learned a level 2 spell: Ensorcelled Hibernation
   394 | D:1      | Reached skill level 5 in Stealth
   861 | D:1      | Reached XP level 3. HP: 11/16 MP: 4/8
  1166 | D:2      | Learned a level 3 spell: Confuse
  1436 | D:2      | Reached skill level 6 in Stealth
  1509 | D:2      | Found an opulent altar of Gozag.
  1514 | D:2      | Became a worshipper of Gozag Ym Sagoz the Greedy
  1713 | D:3      | Reached XP level 4. HP: 18/21 MP: 2/9
  2580 | D:3      | Reached skill level 7 in Stealth
  2582 | D:3      | Reached XP level 5. HP: 22/24 MP: 0/10
  3110 | D:4      | Noticed Robin
  3445 | D:3      | Reached skill level 8 in Stealth
  3445 | D:3      | Reached XP level 6. HP: 20/28 MP: 1/11
  3538 | D:3      | Found a burning altar of Makhleb.
  3897 | D:4      | Reached skill level 5 in Short Blades
  3917 | D:4      | Noticed Natasha
  3926 | D:4      | Killed Natasha
  4167 | D:4      | Killed Robin
  4304 | D:4      | Noticed Natasha
  4322 | D:4      | Killed Natasha
  4437 | D:4      | Reached skill level 5 in Hexes
  4457 | D:4      | Found Mianaoha's Jewellery Shop.
  4617 | D:5      | Entered Level 5 of the Dungeon
  4617 | D:5      | Noticed a sky beast
  4618 | D:5      | Killed a sky beast
  4618 | D:5      | Reached XP level 7. HP: 32/32 MP: 13/13
  4658 | D:5      | Learned a level 3 spell: Dazzling Spray
  4981 | D:5      | Reached skill level 1 in Fighting
  5043 | D:5      | Found a staircase to the Ecumenical Temple.
  5265 | D:5      | Found a sparkling altar of Nemelex Xobeh.
  5848 | D:6      | Reached skill level 5 in Dodging
  5864 | D:6      | Found an ancient bone altar of Kikubaaqudgha.
  5894 | D:6      | Found Rajiweaf's Magic Scroll Emporium.
  5909 | D:6      | Found a basalt altar of Yredelemnul.
  5917 | D:6      | Reached XP level 8. HP: 39/39 MP: 11/15
  6006 | D:6      | Bought a scroll of amnesia for 52 gold pieces
  6006 | D:6      | Bought 3 scrolls of fog for 90 gold pieces
  6236 | D:6      | Noticed Eustachio
  6239 | D:6      | Killed Eustachio
  6357 | D:6      | Noticed lorenzova's ghost (novice MfSk)
  6388 | D:6      | Killed lorenzova's ghost
  6469 | D:6      | Reached XP level 9. HP: 41/44 MP: 8/16
  7033 | D:8      | Found a flagged portal.
  7058 | Bailey   | Entered a bailey
  7253 | Bailey   | Reached skill level 9 in Stealth
  7587 | Bailey   | Noticed an orc knight
  7627 | Bailey   | Killed an orc knight
  7627 | Bailey   | Reached skill level 10 in Stealth
  7658 | Bailey   | Got a fine crystal plate armour
  7661 | Bailey   | Identified the +6 crystal plate armour of the Harp {rElec rF++ MR-} (You found it in a bailey)
  7925 | D:8      | Noticed a red ugly thing
  8466 | D:7      | Reached skill level 11 in Stealth
  8520 | D:7      | You fall through a shaft!
  8624 | D:8      | Noticed Gastronok
  8677 | D:8      | Killed Gastronok
  8677 | D:8      | Reached skill level 12 in Stealth
  8677 | D:8      | Reached XP level 10. HP: 49/49 MP: 1/17
  8973 | D:8      | Killed a red ugly thing
  8973 | D:8      | Reached skill level 5 in Spellcasting
  9085 | D:8      | Found a staircase to the Lair.
  9773 | D:7      | Found a sparkling altar of Nemelex Xobeh.
 10037 | D:7      | Reached skill level 5 in Fighting
 10484 | D:9      | Noticed Erolcha
 10505 | D:9      | Killed Erolcha
 10505 | D:9      | Reached XP level 11. HP: 56/56 MP: 7/21
 11255 | D:10     | Entered Level 10 of the Dungeon
 11782 | D:10     | Found a shimmering altar of Xom.
 11782 | D:10     | Found a shimmering altar of Xom.
 11783 | D:10     | Found a shimmering altar of Xom.
 11790 | D:10     | Found a shimmering altar of Xom.
 12164 | D:11     | Noticed varam's ghost (journeyman SpEn)
 12242 | D:10     | Noticed a hill giant
 12262 | D:10     | Killed a hill giant
 12328 | Lair:1   | Entered Level 1 of the Lair of Beasts
 12550 | Lair:1   | Reached skill level 10 in Hexes
 12605 | Lair:1   | Noticed an eight-headed hydra
 12612 | Lair:1   | Killed an eight-headed hydra
 12612 | Lair:1   | Reached skill level 10 in Short Blades
 13392 | Lair:2   | Learned a level 6 spell: Invisibility
 13397 | Lair:2   | Learned a level 4 spell: Passage of Golubria
 14044 | Lair:3   | Reached XP level 12. HP: 63/63 MP: 22/22
 14305 | Lair:3   | Noticed a six-headed hydra
 14310 | Lair:3   | Noticed an eight-headed hydra
 14311 | Lair:3   | Killed a six-headed hydra
 14327 | Lair:3   | Killed an eight-headed hydra
 14528 | Lair:3   | Noticed a seven-headed hydra
 14535 | Lair:3   | Killed a seven-headed hydra
 14535 | Lair:3   | Reached skill level 13 in Stealth
 14787 | Lair:4   | Noticed a seven-headed hydra
 14801 | Lair:4   | Killed a seven-headed hydra
 15826 | Lair:4   | Noticed Sonja
 15832 | Lair:4   | Killed Sonja
 16106 | Lair:4   | Reached skill level 14 in Stealth
 16683 | Lair:5   | Noticed a four-headed hydra
 16735 | Lair:4   | Killed a four-headed hydra
 16916 | Lair:5   | Identified a scroll of acquirement
 17610 | Lair:6   | Found a staircase to the Shoals.
 17646 | Lair:6   | Reached XP level 13. HP: 60/67 MP: 17/27
 17987 | Lair:6   | Found a staircase to the Snake Pit.
 18033 | Lair:5   | Reached skill level 15 in Stealth
 18777 | Lair:6   | Reached skill level 15 in Dodging
 18996 | Lair:6   | Noticed Kirke
 19191 | Lair:6   | Killed Kirke
 19333 | Lair:6   | Reached skill level 16 in Stealth
 20055 | Lair:7   | You fall through a shaft!
 20055 | Lair:8   | Entered Level 8 of the Lair of Beasts
 20215 | Lair:7   | Reached skill level 17 in Stealth
 20234 | Lair:7   | Found a staircase to the Slime Pits.
 21411 | Lair:8   | Reached skill level 18 in Stealth
 21447 | Lair:8   | Reached XP level 14. HP: 54/74 MP: 24/28
 21675 | Lair:8   | Reached skill level 1 in Shields
 23987 | Lair:8   | Reached skill level 19 in Stealth
 24337 | Lair:2   | Reached skill level 10 in Fighting
 24504 | D:8      | Bought the cursed +0 robe "Luhiot" {rPois MR+} for 217 gold pieces
 24592 | D:11     | Killed varam's ghost
 24644 | D:11     | Reached skill level 1 in Translocations
 24828 | D:11     | Found a white marble altar of Elyvilon.
 24911 | D:11     | Found a staircase to the Orcish Mines.
 25052 | D:11     | Noticed lorenzova's ghost (journeyman DECj)
 25264 | D:11     | Killed lorenzova's ghost
 25480 | Orc:1    | Entered Level 1 of the Orcish Mines
 25637 | D:12     | Noticed Maud
 25705 | D:12     | Killed Maud
 25929 | D:12     | Found Etway's Antique Weapon Emporium.
 25944 | D:12     | Bought a quick blade for 420 gold pieces
 26409 | D:13     | Reached skill level 5 in Translocations
 26445 | D:13     | Reached XP level 15. HP: 80/80 MP: 29/29
 26515 | D:13     | Found a frozen archway.
 26592 | IceCv    | Entered an ice cave
 26827 | IceCv    | Reached skill level 20 in Stealth
 27108 | IceCv    | Noticed a frost giant
 27367 | IceCv    | Killed a frost giant
 27448 | IceCv    | Got a faintly glowing long sword
 27878 | D:13     | Identified the +7 long sword of Linaheof {venom, MR++ Str+4} (You found it in an ice cave)
 27911 | D:13     | Found a blossoming altar of Fedhas.
 28072 | D:13     | Noticed Urug
 28077 | D:13     | Killed Urug
 28217 | D:13     | Found Yfistujustri's Distillery.
 28220 | D:13     | Bought a potion of curing for 42 gold pieces
 28220 | D:13     | Bought a potion of heal wounds for 70 gold pieces
 28220 | D:13     | Bought a potion of heal wounds for 70 gold pieces
 28220 | D:13     | Bought a potion of curing for 42 gold pieces
 28220 | D:13     | Bought a potion of curing for 42 gold pieces
 28445 | D:13     | Noticed Josephine
 28765 | D:13     | Killed Josephine
 29538 | D:14     | Found a gate to the Vaults.
 29563 | D:14     | Reached skill level 21 in Stealth
 29962 | D:15     | Entered Level 15 of the Dungeon
 30586 | D:15     | Noticed Azrael
 30598 | D:15     | Killed Azrael
 30933 | D:15     | Found a staircase to the Depths.
 31613 | Orc:1    | Reached skill level 1 in Evocations
 31813 | Orc:1    | Found Fequmo Waixo's Jewellery Emporium.
 31820 | Orc:1    | Reached XP level 16. HP: 88/88 MP: 30/30
 32147 | Orc:2    | Entered Level 2 of the Orcish Mines
 32218 | Orc:2    | Found a staircase to the Elven Halls.
 32225 | Orc:2    | Found Neqirhad's Distillery.
 32226 | Orc:2    | Found a labyrinth entrance.
 32236 | Lab      | Entered a labyrinth
 32370 | Lab      | Found an exit through the horrors of the Abyss.
 32649 | Lab      | Got a pitted hand axe
 32650 | Lab      | Identified the +12 hand axe "Syfyupli" {antimagic, Str+4} (You found it in a labyrinth)
 32651 | Lab      | Identified a +4 rod of shadows (14/14) (You found it in a labyrinth)
 32789 | Orc:2    | Bought a potion of heal wounds for 70 gold pieces
 32789 | Orc:2    | Bought a potion of curing for 42 gold pieces
 32789 | Orc:2    | Bought a potion of curing for 42 gold pieces
 32789 | Orc:2    | Bought a potion of heal wounds for 70 gold pieces
 32789 | Orc:2    | Bought a potion of curing for 42 gold pieces
 32789 | Orc:2    | Bought a potion of curing for 42 gold pieces
 32812 | Orc:2    | Noticed Snorg
 32819 | Orc:2    | Killed Snorg
 32819 | Orc:2    | Reached skill level 22 in Stealth
 33673 | Orc:2    | Reached skill level 5 in Evocations
 34044 | Orc:2    | Found Issiwnud's Distillery.
 34044 | Orc:2    | Found Nuofyih's Antique Armour Boutique.
 34045 | Orc:2    | Found Meriocoe's Assorted Antiques.
 34045 | Orc:2    | Found Aphuozas's Antique Armour Boutique.
 34055 | Orc:2    | Bought a wide metal-bound book for 510 gold pieces
 34056 | Orc:2    | Bought a potion of curing for 42 gold pieces
 34056 | Orc:2    | Bought a potion of curing for 42 gold pieces
 35240 | Slime:1  | Entered Level 1 of the Pits of Slime
 35240 | Slime:1  | Noticed an acid blob
 35488 | D:8      | Bought a scroll of identify for 20 gold pieces
 35495 | D:8      | Bought the +4 arc blade {discharge, rElec} for 1178 gold pieces
 35514 | D:8      | Learned a level 9 spell: Tornado
 35667 | Shoals:1 | Entered Level 1 of the Shoals
 35733 | Shoals:1 | Noticed Frances
 35737 | Shoals:1 | Killed Frances
 35822 | Shoals:1 | Reached skill level 1 in Air Magic
 35828 | Shoals:1 | Noticed Aizul
 35850 | Shoals:1 | Killed Aizul
 36859 | Shoals:2 | Found Fanocar's Book Shoppe.
 37664 | Shoals:2 | Reached XP level 17. HP: 94/94 MP: 4/31
 37808 | Shoals:2 | Reached skill level 23 in Stealth
 40005 | Shoals:4 | Entered Level 4 of the Shoals
 40612 | Shoals:4 | Reached skill level 5 in Air Magic
 40670 | Shoals:4 | Noticed Ilsuiw
 41140 | Shoals:4 | Noticed a kraken
 41188 | Shoals:4 | Killed a kraken
 41225 | Shoals:4 | Gained mutation: You regenerate slowly when monsters are visible. [mutagenic glow]
 41706 | Shoals:4 | Killed Ilsuiw
 42267 | Shoals:4 | Gained mutation: You are frail (-10% HP). [mutagenic glow]
 42439 | Shoals:4 | Got a barnacled rune of Zot
 43149 | Shoals:2 | Learned a level 5 spell: Silence
 43238 | Snake:1  | Entered Level 1 of the Snake Pit
 43554 | D:8      | Bought a bread ration for 75 gold pieces
 43559 | D:8      | Bought a warped blowgun for 232 gold pieces
 43559 | D:8      | Identified the +9 blowgun of Cheibriados's Wrath {evade, *Corrode rElec rN+++ Int+2} (You bought it in a shop on level 8 of the Dungeon)
 43563 | D:8      | Bought a +2 quick blade for 270 gold pieces
 43675 | D:8      | Bought 2 scrolls of identify for 40 gold pieces
 43701 | D:8      | Lost mutation: You are frail (-10% HP). [potion of cure mutation]
 43701 | D:8      | Lost mutation: You regenerate slowly when monsters are visible. [potion of cure mutation]
 44079 | Snake:1  | Reached XP level 18. HP: 101/101 MP: 32/32
 44120 | Snake:1  | Noticed inmateoo's ghost (adept TeWr)
 44149 | Snake:1  | Reached skill level 24 in Stealth
 44172 | Snake:1  | Killed inmateoo's ghost
 47073 | Snake:3  | Noticed Vashnia
 49563 | Snake:3  | Got a scorched war axe
 50256 | Snake:4  | Entered Level 4 of the Snake Pit
 51159 | D:8      | Learned a level 6 spell: Deflect Missiles
 51166 | D:8      | Learned a level 6 spell: Haste
 51572 | Snake:3  | Reached skill level 1 in Charms
 52222 | Snake:4  | Reached skill level 5 in Charms
 52760 | Snake:4  | Reached XP level 19. HP: 67/107 MP: 18/33
 53931 | Snake:4  | Reached skill level 10 in Charms
 54720 | Snake:4  | Got a serpentine rune of Zot
 54907 | Snake:4  | Reached skill level 25 in Stealth
 55583 | Vaults:1 | Entered Level 1 of the Vaults
 56429 | Vaults:1 | Reached skill level 15 in Fighting
 57358 | Vaults:2 | Reached skill level 26 in Stealth
 57532 | Vaults:2 | Gained mutation: You tend to lose your temper in combat. [mutagenic glow]
 58188 | Vaults:3 | Found a portal to a secret trove of treasure.
 58339 | Vaults:3 | Reached XP level 20. HP: 108/114 MP: 20/34
 58415 | Vaults:3 | Gained mutation: You are partially covered in yellow scales (AC +2). [mutagenic glow]
 58575 | Vaults:3 | Found Tiutawny's General Store.
 58584 | Vaults:3 | Found Huacsep's Book Shop.
 58598 | Vaults:3 | Bought a scroll of blinking for 127 gold pieces
 58598 | Vaults:3 | Bought a bread ration for 85 gold pieces
 58598 | Vaults:3 | Bought a bread ration for 85 gold pieces
 58598 | Vaults:3 | Bought a scroll of identify for 34 gold pieces
 58997 | Vaults:3 | Found Itoy's Book Boutique.
 59131 | Vaults:3 | Found Ulef's Book Shoppe.
 59360 | Vaults:2 | Got a steaming cloak
 59397 | Vaults:2 | Identified the +1 cloak "Tutidenn" {rN+ Dex+5} (You found it on level 2 of the Vaults)
 59478 | Vaults:2 | Reached skill level 27 in Stealth
 59702 | Vaults:2 | Found a staircase to the Crypt.
 59787 | Vaults:2 | Got an ancient robe
 59798 | Vaults:2 | Identified the +1 robe of Broken Taboos {*Contam rN+ MP+9} (You found it on level 2 of the Vaults)
 60047 | Vaults:3 | Gained mutation: You are occasionally teleported next to monsters. [mutagenic glow]
 61407 | Vaults:2 | Lost mutation: You tend to lose your temper in combat. [mutagenic glow]
 61623 | Vaults:2 | Gained mutation: You are weak. (Str -2) [mutagenic glow]
 62456 | Vaults:4 | Gained mutation: You are frail (-10% HP). [mutagenic glow]
 62580 | Vaults:4 | Gained mutation: You are very weak. (Str -4) [mutagenic glow]
 63028 | Vaults:4 | Reached XP level 21. HP: 87/108 MP: 24/35
 63322 | D:8      | Lost mutation: You are very weak. (Str -4) [potion of cure mutation]
 63322 | D:8      | Lost mutation: You are weak. (Str -2) [potion of cure mutation]
 63322 | D:8      | Lost mutation: You are frail (-10% HP). [potion of cure mutation]
 63322 | D:8      | Lost mutation: You are occasionally teleported next to monsters. [potion of cure mutation]
 63322 | D:8      | Lost mutation: You are partially covered in yellow scales (AC +2). [potion of cure mutation]
 63683 | Vaults:4 | Noticed Elystan's ghost (veteran FoFi)
 64029 | Elf:1    | Entered Level 1 of the Elven Halls
 64734 | Elf:1    | Gained mutation: You are partially covered in rugged brown scales (AC +1, +3% HP). [mutagenic glow]
 64862 | Elf:1    | Noticed Galewind's ghost (adept DECj)
 65103 | Elf:1    | Killed Galewind's ghost
 65133 | Elf:2    | Found Onkung's Food Emporium.
 65190 | Elf:2    | Bought 3 fruits for 45 gold pieces
 65190 | Elf:2    | Bought 4 fruits for 60 gold pieces
 65190 | Elf:2    | Bought a bread ration for 50 gold pieces
 65190 | Elf:2    | Bought 4 fruits for 60 gold pieces
 65202 | Elf:2    | Noticed Roxanne
 65306 | Elf:2    | Gained mutation: You tend to lose your temper in combat. [mutagenic glow]
 65355 | Elf:2    | Gained mutation: Your body sometimes deteriorates upon taking damage. [mutagenic glow]
 65458 | Elf:2    | Reached skill level 10 in Air Magic
 65636 | Elf:2    | Found a runed gate.
 65638 | Elf:2    | Found a runed gate.
 65641 | Elf:2    | Found a runed gate.
 66094 | Elf:2    | Lost mutation: Your body sometimes deteriorates upon taking damage. [mutagenic glow]
 66668 | Elf:3    | Entered Level 3 of the Elven Halls
 66675 | Elf:3    | Noticed Chiseanne's ghost (adept CeAE)
 66682 | Elf:3    | Gained mutation: You are weak. (Str -2) [mutagenic glow]
 66966 | Elf:3    | Killed Chiseanne's ghost
 68182 | Elf:3    | Reached XP level 22. HP: 128/131 MP: 36/36
 68940 | Elf:3    | Gained mutation: You are robust (+10% HP). [mutagenic glow]
 69199 | Elf:3    | Got a wavering granite ring
 69201 | Elf:3    | Identified the ring of the Orange Skies {MR+ Str+7} (You found it on level 3 of the Elven Halls)
 69397 | Elf:3    | Gained mutation: Your spells are a little easier to cast, but a little less powerful. [mutagenic glow]
 69421 | Elf:3    | Got a warped bronze amulet
 69423 | Elf:3    | Identified the amulet of Eternity {Gourm +Blink rF- Str+9} (You found it on level 3 of the Elven Halls)
 70202 | Elf:3    | Got a faintly glowing spear
 70206 | Elf:3    | Got a bloodstained spear
 70560 | Depths:1 | Entered Level 1 of the Depths
 70685 | Depths:1 | Noticed kengeki's ghost (adept GrFi)
 70732 | Depths:1 | Killed kengeki's ghost
 70934 | Depths:2 | Found a one-way gate to the infinite horrors of the Abyss.
 70934 | Depths:2 | Noticed Louise
 70940 | Depths:2 | Killed Louise
 70994 | Depths:1 | Noticed the Enchantress
 71384 | Vaults:3 | Bought 24 stones for 40 gold pieces
 71744 | Vaults:4 | Lost mutation: You are robust (+10% HP). [mutagenic glow]
 72581 | Vaults:5 | Entered Level 5 of the Vaults
 72581 | Vaults:5 | Noticed Galewind's ghost (veteran DECj)
 72613 | Vaults:5 | Noticed a golden dragon
 73085 | Vaults:5 | Found Fajau's Antique Weapon Shoppe.
 73785 | Vaults:5 | Got a jewelled shortbow
 74126 | Vaults:5 | Noticed a golden dragon
 74315 | Vaults:5 | Got a silver rune of Zot
 74552 | Vaults:5 | HP: 3/134 [golden dragon] (5)]
 74553 | Vaults:5 | Succumbed to a golden dragon's poison gas

Skill      XL: |  1  2  3  4  5  6  7  8  9 10 11 12 13 14 15 16 17 18 19 20 21 22 |
---------------+-------------------------------------------------------------------+-----
Stealth        | 5 6 7 8 12 14 18 19 21 22 23 24 26 27 | 27.0
Short Blades   | 2 3 4 5 8 10 11 12 14 | 14.0
Spellcasting   | 3 4 6 9 |  9.2
Hexes          | 5 6 8 11 12 | 12.7
Dodging        | 5 7 11 14 15 16 18 | 18.0
Fighting       | 1 3 6 7 8 10 11 12 13 14 15 17 18 19 | 19.2
Shields        | 4 |  4.0
Translocations | 5 6 |  6.0
Evocations     | 1 7 |  7.6
Air Magic      | 3 6 8 9 11 13 | 13.6
Charms         | 7 11 | 11.4

Action                   |  1- 3 |  4- 6 |  7- 9 | 10-12 | 13-15 | 16-18 | 19-21 | 22-24 || total
-------------------------+-------+-------+-------+-------+-------+-------+-------+-------++-------
Melee: Dagger            |    51 |       |       |       |   458 |    51 |       |       ||   560
       Short sword       |    30 |   247 |   273 |   704 |   456 |       |       |       ||  1710
       Rapier            |       |       |       |       |   147 |   219 |  1252 |   384 ||  2002
       Quick blade       |       |       |       |       |   518 |  1554 |   540 |   137 ||  2749
       Hand axe          |       |       |       |       |       |     4 |     9 |       ||    13
Throw: Stone             |       |     6 |       |       |    13 |    39 |    14 |     4 ||    76
 Cast: Corona            |     9 |       |       |       |       |       |       |       ||     9
       Ensorcelled Hiber |    15 |     8 |    15 |    11 |     6 |     3 |     1 |     1 ||    60
       Confuse           |     1 |    34 |    66 |   132 |   273 |   290 |    65 |    56 ||   917
       Dazzling Spray    |       |       |     3 |       |    61 |   111 |    50 |    15 ||   240
       Invisibility      |       |       |       |       |     3 |    22 |    24 |    12 ||    61
       Passage of Golubr |       |       |       |       |       |     1 |       |       ||     1
       Haste             |       |       |       |       |       |       |    34 |     5 ||    39
       Silence           |       |       |       |       |       |       |     6 |       ||     6
       Deflect Missiles  |       |       |       |       |       |       |     1 |       ||     1
Invok: Call Merchant     |       |       |       |       |     5 |     4 |     2 |       ||    11
       Potion Petition   |       |       |       |       |       |       |     2 |       ||     2
Evoke: Wand              |       |       |       |       |     7 |    22 |       |     7 ||    36
       Box of beasts     |       |       |       |       |       |     2 |     1 |     1 ||     4
       Deck              |       |       |       |       |       |     1 |       |       ||     1
       Stone of tremors  |       |       |       |       |       |     1 |       |       ||     1
       Rod               |       |       |       |       |       |       |     1 |       ||     1
       Fan of gales      |       |       |       |       |       |       |       |     1 ||     1
       Lamp of fire      |       |       |       |       |       |       |       |     1 ||     1
  Use: Scroll            |       |       |    14 |    14 |    17 |    20 |     7 |     3 ||    75
       Potion            |       |       |       |       |       |     5 |     2 |     7 ||    14
 Stab: Sleeping          |    25 |    11 |    25 |    44 |    91 |    86 |   109 |    13 ||   404
       Confused          |       |    17 |    30 |    86 |   159 |   171 |    25 |    18 ||   506
       Distracted        |       |     2 |     1 |     4 |    17 |    12 |    33 |    11 ||    80
       Invisible         |       |       |       |       |    32 |   132 |   108 |    40 ||   312
       Fleeing           |       |       |       |       |       |     1 |     1 |       ||     2
  Eat: Bread ration      |       |     1 |     2 |       |     1 |     1 |     9 |     1 ||    15
       Pizza             |       |     1 |       |     1 |     2 |     1 |     2 |     1 ||     8
       Fruit             |       |       |     2 |       |     2 |    27 |     5 |     6 ||    42
       Royal jelly       |       |       |       |     2 |     2 |       |       |     1 ||     5
Armor: Robe              |     5 |    17 |     5 |    12 |    37 |    26 |    14 |    10 ||   126
Dodge: Dodged            |    53 |   128 |   102 |   229 |   679 |   520 |   408 |   184 ||  2303
       Deflected         |       |       |       |       |       |       |    20 |     8 ||    28
Block: Other             |       |       |       |    98 |   154 |       |       |       ||   252
       Reflection        |       |       |       |     3 |    11 |    81 |   119 |    17 ||   231
       Buckler           |       |       |       |       |   243 |   573 |   546 |   212 ||  1574
